 Dungeon Crawl Stone Soup version 0.23-a0-241-g3b46b07 (webtiles) character file.

60 Dead the Chopper (level 4, -7/34 HPs)
             Began as a Barachi Gladiator on Sept 26, 2018.
             Mangled by a gnoll
             ... wielding a +0 flail
              (9 damage)
             ... on level 3 of the Dungeon.
             The game lasted 00:01:07 (1857 turns).

Dead the Chopper (Barachi Gladiator)                Turns: 1857, Time: 00:01:08

Health: -7/34      AC:  4    Str: 16    XL:     4   Next: 6%
Magic:  4/4        EV: 13    Int:  9    God:
Gold:   158        SH:  0    Dex: 13    Spells: 3/3 levels left

rFire    . . .     SeeInvis .   a - +0 war axe
rCold    . . .     Gourm    .   (no shield)
rNeg     . . .     Faith    .   b - +0 leather armour
rPois    .         Spirit   .   c - +0 helmet
rElec    .         Reflect  .   (no cloak)
rCorr    .         Harm     .   (no gloves)
MR       .....                  (no boots)
Stlth    +.........             (no amulet)
HPRegen  0.11/turn              (no ring)
MPRegen  0.09/turn              (no ring)

@: can't hop, slow
A: +LOS, swims, slowness 1, strong legs 1
a: Hop


You were on level 3 of the Dungeon.
You were not hungry.

You visited 1 branch of the dungeon, and saw 3 of its levels.

You collected 158 gold pieces.

Inventory:

Hand Weapons
 a - a +0 war axe (weapon)
Missiles
 d - 3 throwing nets (quivered)
Armour
 b - a +0 leather armour (worn)
 c - a +0 helmet (worn)
Scrolls
 g - 2 scrolls of fog {unknown}
 h - 3 scrolls of identify {unknown}
 j - a scroll of blinking {unknown}
 k - 2 scrolls of remove curse {unknown}
 n - 2 scrolls of teleportation {unknown}
 o - a scroll of magic mapping {unknown}
 p - a scroll of enchant armour {unknown}
Potions
 e - a potion of degeneration {unknown}
 i - 2 potions of heal wounds {unknown}
 l - a potion of curing {unknown}
 m - a potion of magic {unknown}
 q - a potion of mutation {unknown}
Comestibles
 f - 4 rations


   Skills:
 + Level 2.7 Fighting
 * Level 4.8 Axes
 - Level 2.0 Throwing
 + Level 0.9 Armour
 + Level 3.5 Dodging


You had 3 spell levels left.
You didn't know any spells.
Your spell library was empty.

Dungeon Overview and Level Annotations

Branches:
Dungeon (3/15)

Altars:
Gozag
Ru
Xom


Innate Abilities, Weirdness & Mutations

Shadows flee at your approach. (+LOS)
You can swim through water.
You cover ground slowly.
You can hop short distances.


Message History

* * * LOW HITPOINT WARNING * * *
Unknown command.
You barely miss the scorpion. You completely miss the gnoll.
The bat closely misses you. The bat misses you. The scorpion misses you.
The gnoll closely misses you. The scorpion closely misses you.
You slash the scorpion!
The scorpion is heavily wounded.
You barely miss the bat. You barely miss the gnoll. The bat closely misses you.
The gnoll barely misses you. The scorpion stings you.
* * * LOW HITPOINT WARNING * * *
You barely miss the scorpion.
The scorpion is heavily wounded.
You completely miss the gnoll. You hit the bat.
You kill the bat!
The scorpion completely misses you. The gnoll closely misses you.
You hit the scorpion.
The scorpion is severely wounded.
You closely miss the gnoll. The scorpion closely misses you.
The gnoll hits you with a flail!
You die...

#....# #....###
#......# ...
#......# .....
#......# .....
#......# ....
#......# .s.
#.†(|..#
#.##s@....###
#>..)g)...[...
##..†.......[..
#.....)..!.....
#....######....
#)...# ...
#....# ..
#....# . #....#
..


You could see a scorpion and a gnoll.

Vanquished Creatures
  An adder (D:2)
  2 gnolls (D:3)
  A worm (D:2)
  5 bats
  5 goblins
  3 hobgoblins
  4 jackals
  2 kobolds
  A ball python (D:1)
  2 frilled lizards (D:2)
  3 rats
29 creatures vanquished.

Notes
Turn   | Place    | Note
-------+----------+-------------------------------------------
     0 | D:1      | Dead the Barachi Gladiator began the quest for the Orb.
     0 | D:1      | Reached XP level 1. HP: 17/17 MP: 1/1
   356 | D:1      | Reached XP level 2. HP: 23/23 MP: 2/2
  1050 | D:2      | Reached skill level 4 in Axes
  1199 | D:2      | Found a sacrificial altar of Ru.
  1199 | D:2      | Found a shimmering altar of Xom.
  1201 | D:2      | Found an opulent altar of Gozag.
  1242 | D:2      | Reached XP level 3. HP: 21/28 MP: 3/3
  1847 | D:3      | Noticed a scorpion
  1852 | D:3      | Reached XP level 4. HP: 18/34 MP: 4/4
  1857 | D:3      | Mangled by a gnoll

Vault maps used:
D:1:      evilmike_arrival_rings, st_stairs_8
D:2:      grunt_temple_overflow_open, minivault_25
D:3:      gup_sewer_entry_spiral

Skill      XL: |  1  2 |
---------------+-------+-----
Axes           | 4 |  4.8
Fighting       | |  2.7
Throwing       | |  2.0
Armour         | |  0.9
Dodging        | |  3.5

Action                   |  1- 3 |  4- 6 || total
-------------------------+-------+-------++-------
Melee: War axe           |    73 |     5 ||    78
 Abil: Hop               |     1 |       ||     1
  Eat: Chunk             |     4 |       ||     4
Armor: Leather armour    |    22 |     1 ||    23
Dodge: Dodged            |    74 |    13 ||    87

Table legend:
 A = Non-vault XP
 B = Vault XP
 C = Vault XP percentage of total XP
 D = Non-vault monster count
 E = Vault monster count
 F = Vault count percentage of total count
                 A         B        C        D         E       F
            +---------+---------+-------+---------+---------+-------
      Total |      85 |       2 |   2.3 |      28 |       1 |   3.4
            +---------+---------+-------+---------+---------+-------
        D:1 |      14 |       2 |  12.5 |       8 |       1 |  11.1
        D:2 |      33 |       0 |   0.0 |      11 |       0 |   0.0
        D:3 |      38 |       0 |   0.0 |       9 |       0 |   0.0
            +---------+---------+-------+---------+---------+-------
